 Dungeon Crawl Stone Soup version 0.29-a0-721-g7f417c9bbb (webtiles) character file.

Game seed: 5831599305574394111

32 blackman the Chopper (level 3, -1/31 HPs)
             Began as a Hill Orc Monk on June 27, 2022.
             Slain by Terence
             ... wielding a +0 mace
              (10 damage)
             ... on level 2 of the Dungeon.
             The game lasted 00:02:27 (1488 turns).

blackman the Chopper (Hill Orc Monk)                Turns: 1488, Time: 00:02:28

Health: -1/31      AC:  5    Str: 15    XL:     3   Next: 27%
Magic:  3/3        EV: 11    Int: 10    God:
Gold:   54         SH:  0    Dex: 13    Spells: 2/2 levels left

rFire   . . .      SeeInvis .   a - +0 hand axe
rCold   . . .      Faith    .   (no shield)
rNeg    . . .      Spirit   .   k - +0 ring mail
rPois   .          Reflect  .   (no helmet)
rElec   .          Harm     .   (no cloak)
rCorr   .          Rampage  .   (no gloves)
Will    .....                   (no boots)
Stlth   +.........              (no amulet)
HPRegen 0.10/turn               (no ring)
MPRegen 0.08/turn               (no ring)

@: no status effects
A: no striking features
a: no special abilities


You were on level 2 of the Dungeon.
You visited 1 branch of the dungeon, and saw 2 of its levels.

You collected 54 gold pieces.

Inventory:

Hand Weapons
 a - a +0 hand axe (weapon)
Armour
 b - a +0 robe
 e - an orb of wrath
 k - a +0 ring mail (worn)
Jewellery
 f - a ring of protection from fire
Scrolls
 d - a scroll of blinking {unknown}
 g - 3 scrolls of identify {unknown}
 j - a scroll of immolation {unknown}
Potions
 c - a potion of ambrosia
 h - a potion of haste {unknown}
 i - a potion of mutation {unknown}
 l - a potion of berserk rage {unknown}


   Skills:
 - Level 3.6 Fighting
 + Level 5.7 Axes
 - Level 2.4 Dodging
 - Level 1.5 Stealth


You had 2 spell levels left.
You didn't know any spells.
Your spell library contained the following spells:

 Spells                   Type           Power      Damage    Failure   Level
 Foxfire                  Conj/Fire      0%         2x1d4     58%         1
 Conjure Flame            Conj/Fire      0%         6-21      92%         3
 Inner Flame              Hex/Fire       0%         N/A       92%         3
 Flame Wave               Conj/Fire      0%         2d4       100%        4


Dungeon Overview and Level Annotations

Branches:
Dungeon (2/15)

Altars:

Annotations:
D:2 Terence


Message History

You hit the ball python.
The ball python is moderately wounded.
The ball python bites you. The ball python constricts you.
The ball python bites you. The ball python constricts you.
You hit the ball python.
You kill the ball python!
No target in view!
No target in view!
HP restored.
Key pressed, stopping explore.
Found a robe.
You now have 54 gold pieces (gained 7).
Key pressed, stopping explore.
l - a clear potion Key pressed, stopping explore.
Key pressed, stopping explore.
Found a falchion.
You see here a +0 falchion.
Terence the Incautious comes into view.
He is wielding a +0 mace.
You barely miss Terence. Terence hits you with a +0 mace.
You hit Terence.
Terence is moderately wounded.
Terence hits you with a +0 mace.
You hit Terence but do no damage.
Terence is moderately wounded.
Terence hits you with a +0 mace.
You slash Terence!
Terence is severely wounded.
Terence hits you with a +0 mace.
You are too injured to fight recklessly!
You are too injured to fight recklessly!
You are too injured to fight recklessly!
You hit Terence but do no damage.
Terence is severely wounded.
Terence hits you with a +0 mace.
* * * LOW HITPOINT WARNING * * *
You hit Terence but do no damage.
Terence is severely wounded.
Terence hits you with a +0 mace!
You die...

###########
#..@@......
#.#########
#.# #.# #.#
#.# #.# #.#
#.#


You could see Terence.

Vanquished Creatures
  2 dart slugs (D:1)
  3 bats (D:1)
  2 endoplasms (D:1)
  A giant cockroach (D:1)
  4 hobgoblins (D:1)
  3 quokkas (D:1)
  5 ball pythons
  2 goblins (D:1)
  2 kobolds (D:1)
  2 rats (D:1)
26 creatures vanquished.

Notes
Turn   | Place    | Note
-------+----------+-------------------------------------------
     0 | D:1      | blackman the Hill Orc Monk began the quest for the Orb.
     0 | D:1      | Reached XP level 1. HP: 19/19 MP: 1/1
   176 | D:1      | Reached XP level 2. HP: 24/26 MP: 2/2
   229 | D:1      | Reached skill level 5 in Axes
   833 | D:1      | Reached XP level 3. HP: 24/31 MP: 3/3
  1071 | D:1      | Found a faded altar of an unknown god.
  1480 | D:2      | Noticed Terence
  1488 | D:2      | Slain by Terence

Illustrated notes

Levels and vault maps discovered:
D:1:      tarquinn_simple_flora_water_e, layout_rooms,
          shapermc_ecumenical_altar_mp_vishouse, minmay_vboxes
D:2:      layout_basic, uniq_terence

Skill      XL: |  1  2 |
---------------+-------+-----
Axes           | 5 |  5.7
Fighting       | |  3.6
Dodging        | |  2.4
Stealth        | |  1.5

Action                   || total
-------------------------++-------
Melee: Hand axe          ||    84
 Stab: Sleeping          ||     2
Armor: Robe              ||    20
Dodge: Dodged            ||    62

Table legend: (Time is in decaauts)
 A = Elapsed time spent in this place.
 B = Non-inter-level travel time spent in this place.
 C = Inter-level travel time spent in this place.
 D = Time resting spent in this place.
 E = Time spent auto-exploring this place.
 F = Levels seen in this place.
 G = Mean time per level.
                   A        B        C        D        E       F      G
               +--------+--------+--------+--------+--------+-----+--------+
         Total |   1491 |   1426 |     65 |      0 |   1231 |   2 |  745.5 |
       Dungeon |   1491 |   1426 |     65 |      0 |   1231 |   2 |  745.5 |
               +--------+--------+--------+--------+--------+-----+--------+

Top non-repeatable levels by time:
     D:1: 1322 daAuts
     D:2: 168 daAuts
